[Event "Titled Tuesday Blitz January 17 Early 2023"]
[White "Avazkhonov, Alikhon"]
[Black "Broca Jimenez, Fernando"]
[WhiteFideId "14208504"]
[BlackFideId "5104742"]
[WhiteElo "1538"]
[BlackElo "2075"]
[Result "0-1"]
[Round "07"]
[TimeControl "180+2"]
[Date "2023.01.17"]
[WhiteClock "0:00:13"]
[BlackClock "0:01:37"]

1. d4 Nf6 2. c4 e6 3. Nc3 Bb4 4. e3 d5 5. Bd2 O-O 6. Nf3 c5 7. a3 cxd4 8. exd4 Bxc3 9. Bxc3 Ne4 10. Rc1 Nxc3 11. Rxc3 Nc6 12. c5 e5 13. Nxe5 Re8 14. Be2 Nxe5 15. dxe5 Rxe5 16. O-O Bf5 17. b4 Qe7 18. f3 Rxe2 19. Qxd5 Bg6 20. f4 Be4 0-1


[Site "https://www.chess.com"]

[Event "Titled Tuesday Blitz January 17 Early 2023"]
[White "Kostiukov, Alexandr"]
[Black "Kornyukov, Alexey"]
[WhiteFideId "14108100"]
[BlackFideId "4150457"]
[WhiteElo "2271"]
[BlackElo "2452"]
[Result "1-0"]
[Round "07"]
[TimeControl "180+2"]
[Date "2023.01.17"]
[WhiteClock "0:01:32"]
[BlackClock "0:01:25"]

1. e4 c5 2. Nf3 Nc6 3. d4 cxd4 4. Nxd4 e5 5. Nb5 a6 6. Nd6+ Bxd6 7. Qxd6 Qe7 8. Qc7 d5 9. Qb6 dxe4 10. Bc4 Qb4+ 11. Qxb4 Nxb4 12. Na3 b5 13. Be2 Ne7 14. O-O O-O 15. c3 Nbc6 16. Be3 f5 17. Bc5 Be6 18. Rfd1 1-0


[Site "https://www.chess.com"]

[Event "Titled Tuesday Blitz January 17 Early 2023"]
[White "Carrasco Miranda, Andres"]
[Black "Thiel, Thomas"]
[WhiteFideId "3405990"]
[BlackFideId "4615964"]
[WhiteElo "2240"]
[BlackElo "2234"]
[Result "1-0"]
[Round "07"]
[TimeControl "180+2"]
[Date "2023.01.17"]
[WhiteClock "0:00:20"]
[BlackClock "0:00:02"]

1. d4 Nf6 2. c4 g6 3. g3 c6 4. Bg2 d5 5. Qa4 dxc4 6. Qxc4 Bg7 7. Nf3 O-O 8. O-O Bf5 9. Nc3 Ne4 10. Qb3 Qb6 11. Rd1 Qxb3 12. axb3 Nxc3 13. bxc3 Bc2 14. Re1 Bxb3 15. e4 a5 16. Ba3 Re8 17. Nd2 Be6 18. d5 Bc8 19. Rac1 Nd7 20. Nc4 b5 21. dxc6 bxc4 22. cxd7 Bxd7 23. e5 Rab8 24. f4 Bf5 25. Be4 e6 26. Bxf5 gxf5 27. Red1 Red8 28. Bd6 Rb3 29. Rd4 Rc8 30. Kf2 Bf8 31. Ke3 a4 32. Ra1 a3 33. Bxf8 Kxf8 34. Rd7 Rxc3+ 35. Kd2 Rb3 36. Ra7 c3+ 37. Kc2 Rb2+ 38. Kd3 Rd2+ 39. Ke3 Rxh2 40. R7xa3 c2 41. Ra8 Rxa8 42. Rxa8+ Kg7 43. Rc8 h6 44. Rc7 h5 45. Kf3 Kg6 46. Rc8 Rd2 47. Ke3 Rh2 48. Kf3 Kg7 49. Ke3 h4 50. gxh4 Rh3+ 51. Kd4 Rxh4 52. Ke3 Rh3+ 53. Kd4 Rh2 54. Ke3 Rg2 55. Kf3 Rd2 56. Ke3 Rh2 57. Kf3 f6 58. Rc7+ Kg6 59. exf6 Kxf6 60. Kg3 Rd2 61. Kf3 Rd3+ 62. Ke2 Rd4 63. Ke3 1-0


[Site "https://www.chess.com"]

[Event "Titled Tuesday Blitz January 17 Early 2023"]
[White "Kaminski, Victor"]
[Black "Clawitter, Craig"]
[WhiteFideId "1131630"]
[BlackFideId "2023105"]
[WhiteElo "2247"]
[BlackElo "2050"]
[Result "1-0"]
[Round "07"]
[TimeControl "180+2"]
[Date "2023.01.17"]
[WhiteClock "0:01:50"]
[BlackClock "0:00:03"]

1. e4 e6 2. d4 d5 3. Nd2 Be7 4. Bd3 c5 5. dxc5 Nf6 6. exd5 exd5 7. Nb3 O-O 8. Nf3 a5 9. a4 Na6 10. Be3 Bg4 11. O-O Ne4 12. c6 bxc6 13. Bxe4 dxe4 14. Qxd8 Bxd8 15. Ne5 Be6 16. Nxc6 Rc8 17. Nxd8 Bxb3 18. cxb3 Rfxd8 19. Rac1 Rb8 20. Rc3 Rd3 21. Rfc1 h5 22. h4 Rxb3 23. Rxb3 Rxb3 24. Rc8+ Kh7 25. Bd4 Rb4 26. Bc3 Rxa4 27. Rc7 Kg6 28. Rc6+ f6 29. Rxa6 Ra1+ 30. Kh2 a4 31. Kg3 Kf5 32. Ra5+ Kg6 33. Kf4 1-0


[Site "https://www.chess.com"]

[Event "Titled Tuesday Blitz January 17 Early 2023"]
[White "Matveeva, Olga"]
[Black "MitzyCaballero"]
[WhiteFideId "24107018"]
[WhiteElo "2128"]
[BlackElo "2235"]
[Result "1-0"]
[Round "07"]
[TimeControl "180+2"]
[Date "2023.01.17"]
[WhiteClock "0:00:33"]
[BlackClock "0:00:05"]

1. d4 e6 2. c4 f5 3. Nf3 Nf6 4. g3 Bb4+ 5. Bd2 Qe7 6. Bg2 O-O 7. O-O Bxd2 8. Nbxd2 d6 9. Qc2 Nbd7 10. Rad1 h6 11. e4 fxe4 12. Nxe4 Nxe4 13. Qxe4 Nf6 14. Qc2 Bd7 15. Rfe1 c6 16. Nh4 Qf7 17. Ng6 Rfe8 18. Nf4 g5 19. Nd3 Re7 20. f4 Rf8 21. fxg5 hxg5 22. Rf1 Qh5 23. Qd2 Be8 24. h3 Bg6 25. Rf2 Ref7 26. Re1 Re8 27. Rfe2 Rfe7 28. Qe3 Kg7 29. Rf2 Qh6 30. Ref1 Rf7 31. c5 Bxd3 32. Qxd3 d5 33. Qe3 Qg6 34. Qe5 Ree7 35. Bf3 Re8 36. Bd1 Ree7 37. Bc2 Qh6 38. Kg2 g4 39. hxg4 1-0


[Site "https://www.chess.com"]

[Event "Titled Tuesday Blitz January 17 Early 2023"]
[White "Manon-og, Ramon Jr."]
[Black "Mitrovic, Darko R"]
[WhiteFideId "5200776"]
[BlackFideId "927023"]
[WhiteElo "1999"]
[BlackElo "2220"]
[Result "1-0"]
[Round "07"]
[TimeControl "180+2"]
[Date "2023.01.17"]
[WhiteClock "0:01:51"]
[BlackClock "0:00:01"]

1. e4 e6 2. d4 d5 3. Nd2 Nf6 4. exd5 exd5 5. Ngf3 Bd6 6. Bd3 O-O 7. O-O c6 8. h3 Be6 9. c4 dxc4 10. Nxc4 Bxc4 11. Bxc4 Nbd7 12. Bg5 Nb6 13. Bb3 Be7 14. Re1 Nfd5 15. Bxe7 Nxe7 16. Ne5 Ned5 17. Qg4 Qd6 18. Rad1 Rae8 19. Nf3 Qg6 20. Qh4 f6 21. Nd2 Rxe1+ 22. Rxe1 Re8 23. Rxe8+ Qxe8 24. Ne4 h6 25. Nd6 Qe7 26. Qg3 Nd7 27. Nf5 Qe1+ 28. Kh2 g5 29. Nxh6+ 1-0


[Site "https://www.chess.com"]

[Event "Titled Tuesday Blitz January 17 Early 2023"]
[White "Jimenez Fernandez, Rebeca"]
[Black "Grot, Blazej"]
[WhiteFideId "32070934"]
[BlackFideId "21835845"]
[WhiteElo "2069"]
[BlackElo "1990"]
[Result "0-1"]
[Round "07"]
[TimeControl "180+2"]
[Date "2023.01.17"]
[WhiteClock "0:00:01"]
[BlackClock "0:01:11"]

1. e4 c5 2. Nc3 e6 3. g3 Nc6 4. Bg2 Nf6 5. d3 d5 6. exd5 exd5 7. Nge2 Be7 8. d4 Bg4 9. f3 cxd4 10. Nxd4 Bd7 11. Be3 O-O 12. Qd2 Re8 13. O-O-O Bb4 14. h4 Ne5 15. Bg5 Nc4 16. Qd3 Bc6 17. Nxc6 bxc6 18. Ne4 Be7 19. Nd2 Ne5 20. Qc3 Qb8 21. Rhe1 Bb4 22. Qb3 Nfd7 23. f4 Nc5 24. Qe3 Ned3+ 25. cxd3 Rxe3 26. Rxe3 h6 27. Be7 Ne6 28. Bxb4 Qxb4 29. Nb3 a5 30. Rde1 a4 31. Nd2 a3 32. d4 axb2+ 0-1


[Site "https://www.chess.com"]

[Event "Titled Tuesday Blitz January 17 Early 2023"]
[White "Winkels, Marcel"]
[Black "Deev, Andrei"]
[WhiteFideId "1003887"]
[BlackFideId "4102690"]
[WhiteElo "1960"]
[BlackElo "2390"]
[Result "0-1"]
[Round "07"]
[TimeControl "180+2"]
[Date "2023.01.17"]
[WhiteClock "0:00:02"]
[BlackClock "0:00:51"]

1. e4 d6 2. d4 Nf6 3. Nc3 c6 4. f4 Qa5 5. Bd2 Qb6 6. Nf3 Bg4 7. e5 Nd5 8. Nxd5 cxd5 9. Bc3 e6 10. Bd3 Nc6 11. Be2 Bxf3 12. Bxf3 dxe5 13. fxe5 Bb4 14. Qd3 O-O 15. O-O-O Rac8 16. Bxb4 Nxb4 17. Qb3 Rxc2+ 18. Kb1 Rc4 19. a3 Nc6 20. Qxb6 axb6 21. Be2 Rxd4 22. Bb5 Re4 23. Rc1 Rc8 24. Rhe1 Rxe1 25. Rxe1 Nd4 26. Bd3 g6 27. Rf1 Rc5 28. g4 Nc6 29. Re1 d4 0-1


[Site "https://www.chess.com"]

[Event "Titled Tuesday Blitz January 17 Early 2023"]
[White "Adithya A Chullikkad"]
[Black "Sovetbekova, Nurai"]
[WhiteFideId "45078734"]
[BlackFideId "13801910"]
[WhiteElo "2259"]
[BlackElo "1764"]
[Result "0-1"]
[Round "07"]
[TimeControl "180+2"]
[Date "2023.01.17"]
[WhiteClock "0:00:21"]
[BlackClock "0:00:21"]

1. Nf3 Nf6 2. g3 g6 3. Bg2 Bg7 4. O-O O-O 5. c4 c5 6. Nc3 d6 7. b3 Nc6 8. Bb2 e5 9. e4 Nd4 10. d3 Bg4 11. Nd5 Nxd5 12. cxd5 Qf6 13. Bxd4 exd4 14. h3 Bd7 15. Nd2 Qe7 16. f4 f5 17. Qf3 Rae8 18. Rae1 Qf7 19. exf5 Bxf5 20. a4 a6 21. a5 Qc7 22. Nc4 Bd7 23. Qf2 Bb5 24. Rxe8 Rxe8 25. Re1 Rf8 26. Re6 Bxc4 27. bxc4 Qxa5 28. Rxd6 Qc3 29. Qe2 b5 30. Rd7 Qc1+ 31. Kf2 bxc4 32. dxc4 Rb8 33. d6 Rb2 34. Bd5+ Kh8 35. Rd8+ Bf8 36. Rxf8+ Kg7 37. Rf7+ Kh6 38. d7 Qe3+ 0-1


[Site "https://www.chess.com"]

[Event "Titled Tuesday Blitz January 17 Early 2023"]
[White "Zampronha, Wladimir Camilo"]
[Black "Necula, Iulian"]
[WhiteFideId "2103087"]
[BlackFideId "1232380"]
[WhiteElo "2176"]
[BlackElo "1851"]
[Result "1-0"]
[Round "07"]
[TimeControl "180+2"]
[Date "2023.01.17"]
[WhiteClock "0:00:53"]
[BlackClock "0:00:04"]

1. e4 c5 2. Nf3 d6 3. d4 cxd4 4. Nxd4 Nf6 5. Nc3 g6 6. Be3 Bg7 7. f3 O-O 8. Qd2 Nc6 9. Bc4 Nxd4 10. Bxd4 Be6 11. Bb3 Rc8 12. h4 h5 13. O-O-O Qa5 14. Kb1 Rfe8 15. Bxf6 exf6 16. Qxd6 Rxc3 17. bxc3 Bxb3 18. cxb3 f5 19. Qb4 Qc7 20. Rc1 fxe4 21. fxe4 Qf4 22. Rhe1 Qxh4 23. Qxb7 Qf2 24. Qd7 Rb8 25. Rf1 Qxg2 26. Qxf7+ Kh8 27. Qc4 Re8 28. Rg1 Qxe4+ 29. Qxe4 Rxe4 30. Rxg6 Kh7 31. Ra6 h4 32. Rxa7 h3 33. Rg1 h2 34. Raxg7+ Kh6 35. R7g6+ Kh5 36. R6g2 Rh4 37. Rh1 1-0


[Site "https://www.chess.com"]

[Event "Titled Tuesday Blitz January 17 Early 2023"]
[White "Cramling Bellon, Anna"]
[Black "Tharushi, T H D Niklesha"]
[WhiteFideId "32009232"]
[BlackFideId "9918264"]
[WhiteElo "2043"]
[BlackElo "1570"]
[Result "1-0"]
[Round "07"]
[TimeControl "180+2"]
[Date "2023.01.17"]
[WhiteClock "0:00:57"]
[BlackClock "0:00:17"]

1. d4 Nf6 2. c4 e6 3. Nc3 Bb4 4. Qc2 c5 5. dxc5 Bxc5 6. Nf3 O-O 7. Bg5 Be7 8. e3 Nc6 9. a3 b6 10. Bd3 a5 11. Rd1 Ba6 12. Bxf6 Bxf6 13. Bxh7+ Kh8 14. Bd3 Rc8 15. Ne4 d5 16. Nxf6 Qxf6 17. b3 a4 18. O-O axb3 19. Qxb3 dxc4 20. Qxb6 cxd3 21. Qxa6 Qe7 22. Qxd3 Rfd8 23. Qe4 Qxa3 24. Rxd8+ Rxd8 25. Qxc6 1-0


[Site "https://www.chess.com"]

[Event "Titled Tuesday Blitz January 17 Early 2023"]
[White "Dilmukhametov, Artur"]
[Black "Vargas, Mauricio"]
[WhiteFideId "24179922"]
[BlackFideId "4404572"]
[WhiteElo "2276"]
[BlackElo "2035"]
[Result "1-0"]
[Round "07"]
[TimeControl "180+2"]
[Date "2023.01.17"]
[WhiteClock "0:01:50"]
[BlackClock "0:00:02"]

1. d4 d5 2. Nc3 c6 3. Bf4 Bg4 4. Nf3 Nd7 5. e3 h5 6. Bd3 Qb6 7. b3 O-O-O 8. h3 Be6 9. Qd2 f6 10. a4 g5 11. Bg3 h4 12. Bh2 a6 13. g3 hxg3 14. Bxg3 Rxh3 15. O-O Nh6 16. e4 dxe4 17. Nxe4 Nf5 18. Kg2 Rh7 19. Rh1 1-0


[Site "https://www.chess.com"]

[Event "Titled Tuesday Blitz January 17 Early 2023"]
[White "Ho, In Hei Henry"]
[Black "Hartikainen, Jarmo"]
[WhiteFideId "6002552"]
[BlackFideId "503134"]
[WhiteElo "1735"]
[BlackElo "2108"]
[Result "1-0"]
[Round "07"]
[TimeControl "180+2"]
[Date "2023.01.17"]
[WhiteClock "0:00:57"]
[BlackClock "0:00:17"]

1. d4 Nf6 2. c4 g6 3. Nc3 d5 4. g3 Bg7 5. Bg2 c6 6. Nf3 O-O 7. O-O a6 8. c5 b5 9. cxb6 Qxb6 10. Na4 Qb5 11. Ne5 Nbd7 12. Nxd7 Nxd7 13. e3 e6 14. Re1 c5 15. Bf1 Qc6 16. b3 cxd4 17. exd4 Bb7 18. Ba3 Rfc8 19. Rc1 Qxc1 20. Bxc1 e5 21. Bb2 e4 22. Bh3 f5 23. f3 Bc6 24. Nc3 Rd8 25. fxe4 fxe4 26. Be6+ Kh8 27. Bxd5 Bxd5 28. Nxd5 Rac8 29. Nf4 Nf8 30. Rxe4 Rd7 31. Qe2 Rcd8 32. Ne6 Nxe6 33. Rxe6 Bxd4+ 34. Bxd4+ Rxd4 35. Qe5+ Kg8 36. Re8+ Rxe8 37. Qxe8+ Kg7 38. Qe5+ 1-0


[Site "https://www.chess.com"]

[Event "Titled Tuesday Blitz January 17 Early 2023"]
[White "Chan, Kim Yew"]
[Black "Soumya, Swaminathan"]
[WhiteFideId "5717981"]
[BlackFideId "5016193"]
[WhiteElo "2340"]
[BlackElo "2293"]
[Result "1-0"]
[Round "07"]
[TimeControl "180+2"]
[Date "2023.01.17"]
[WhiteClock "0:01:09"]
[BlackClock "0:00:02"]

1. d4 Nf6 2. Nf3 g6 3. c4 Bg7 4. Nc3 O-O 5. Bg5 d6 6. e3 Nbd7 7. Be2 h6 8. Bh4 Re8 9. O-O Nf8 10. Qc2 c6 11. Rfd1 Qa5 12. Rab1 g5 13. b4 Qf5 14. Bd3 Qg4 15. h3 Qh5 16. Bg3 g4 17. hxg4 Bxg4 18. Be2 Qg6 19. Qd2 Nh5 20. Bh2 Bf6 21. b5 Qg7 22. Ne4 Bf5 23. Nxf6+ Nxf6 24. bxc6 Bxb1 25. cxb7 Rab8 26. Rxb1 Ne4 27. Qc2 1-0


[Site "https://www.chess.com"]

[Event "Titled Tuesday Blitz January 17 Early 2023"]
[White "Martinez, Shawn"]
[Black "Larina, Maria"]
[WhiteFideId "2039770"]
[BlackFideId "24113182"]
[WhiteElo "1881"]
[BlackElo "1948"]
[Result "1-0"]
[Round "07"]
[TimeControl "180+2"]
[Date "2023.01.17"]
[WhiteClock "0:00:44"]
[BlackClock "0:00:41"]

1. e4 c6 2. d4 d5 3. exd5 cxd5 4. Bd3 Nc6 5. c3 Nf6 6. h3 g6 7. Nf3 Bg7 8. O-O Bf5 9. Be2 O-O 10. Re1 a6 11. Nbd2 b5 12. Nb3 Ne4 13. Bf4 h6 14. Bd3 Qb6 15. g4 Be6 16. Bxe4 dxe4 17. Rxe4 Bd5 18. Re1 a5 19. Nc5 Ra7 20. Ne5 Nxe5 21. Bxe5 Bxe5 22. Rxe5 Qc6 23. f4 Rd8 24. Qe2 Qf6 25. Rf1 Qh4 26. Re3 Bc4 27. Qf2 Bxf1 28. Qxh4 1-0


[Site "https://www.chess.com"]

[Event "Titled Tuesday Blitz January 17 Early 2023"]
[White "Sarana, Alexey"]
[Black "Artemiev, Vladislav"]
[WhiteFideId "24133795"]
[BlackFideId "24101605"]
[WhiteElo "2685"]
[BlackElo "2701"]
[Result "0-1"]
[Round "08"]
[TimeControl "180+2"]
[Date "2023.01.17"]
[WhiteClock "0:00:19"]
[BlackClock "0:00:05"]

1. d4 Nf6 2. c4 e6 3. Nc3 d5 4. cxd5 exd5 5. Bf4 Bd6 6. Bxd6 Qxd6 7. e3 Bf5 8. Qf3 g6 9. Nge2 c6 10. Qf4 Qxf4 11. Nxf4 Nbd7 12. h4 h6 13. f3 Ke7 14. g4 Be6 15. Bd3 Rag8 16. Kf2 Nb6 17. Nce2 Nc8 18. g5 Nd7 19. Rag1 hxg5 20. Rxg5 Nd6 21. h5 gxh5 22. Rxg8 Rxg8 23. Rxh5 Nf6 24. Rh6 Bf5 25. Ng3 Bxd3 26. Nxd3 Rxg3 27. Rxf6 Rh3 28. Rf4 Rh2+ 29. Kg3 Rd2 30. Nc5 Rxb2 31. e4 dxe4 32. fxe4 b6 33. Na6 Nb5 34. e5 Nc3 35. a3 Ne2+ 36. Kf3 Nxf4 37. Kxf4 Rb3 38. Nb8 Rc3 39. Ke4 Rc1 40. Kd3 Kd8 41. Ke4 Kc7 42. Na6+ Kb7 43. Nb4 a5 44. Nd3 Ra1 45. d5 cxd5+ 46. Kxd5 Rxa3 47. Nb2 Rf3 48. Ke4 Rf1 49. Ke3 Rb1 50. Na4 Kc6 51. Kd3 Rb3+ 52. Kc2 Ra3 53. Nb2 Ra2 54. Kb3 Rxb2+ 0-1


[Site "https://www.chess.com"]

[Event "Titled Tuesday Blitz January 17 Early 2023"]
[White "Bernadskiy, Vitaliy"]
[Black "Lazavik, Denis"]
[WhiteFideId "14100371"]
[BlackFideId "13515110"]
[WhiteElo "2592"]
[BlackElo "2544"]
[Result "0-1"]
[Round "08"]
[TimeControl "180+2"]
[Date "2023.01.17"]
[WhiteClock "0:00:01"]
[BlackClock "0:00:17"]

1. d4 Nf6 2. Nf3 d5 3. c4 e6 4. Nc3 Be7 5. Bg5 h6 6. Bh4 dxc4 7. e3 c5 8. dxc5 Qxd1+ 9. Rxd1 Nbd7 10. c6 bxc6 11. Bxc4 Rb8 12. Rd2 Nd5 13. Bxe7 Kxe7 14. O-O N7b6 15. Be2 Nxc3 16. bxc3 Bd7 17. Ne5 Be8 18. Rfd1 f6 19. Nf3 Nd5 20. Rc1 g5 21. Nd4 Bd7 22. Bc4 Nb6 23. Be2 e5 24. Nb3 Rhd8 25. Nc5 Be8 26. Rcd1 Rxd2 27. Rxd2 Nd5 28. Rc2 Rb1+ 29. Bf1 Bg6 30. Rd2 Nxc3 31. Rd7+ Ke8 32. g4 Na4 33. Rg7 Nxc5 34. Rxg6 Kf7 35. Rxh6 Kg7 36. Rh5 Ne4 37. Kg2 Rb2 38. h4 Rxf2+ 39. Kg1 Rf3 40. Bg2 Rxe3 41. hxg5 Nxg5 42. Bxc6 Rg3+ 43. Kf2 Rxg4 44. Rh1 Rc4 45. Bd5 Rd4 46. Bb3 a5 47. Rc1 Kg6 48. Ke3 a4 49. Bc2+ Kg7 50. Bd3 Rh4 51. Rc7+ Kh6 52. Rc6 Rh3+ 53. Ke2 Kg7 54. Rc7+ Kf8 55. Rc6 Ke7 56. Ra6 Ne6 57. Rxa4 Nf4+ 58. Rxf4 exf4 59. Bf5 Ra3 60. Kf2 Kd6 61. Be4 Ke5 0-1


[Site "https://www.chess.com"]

[Event "Titled Tuesday Blitz January 17 Early 2023"]
[White "Le, Tuan Minh"]
[Black "Nakamura, Hikaru"]
[WhiteFideId "12401153"]
[BlackFideId "2016192"]
[WhiteElo "2542"]
[BlackElo "2775"]
[Result "1/2-1/2"]
[Round "08"]
[TimeControl "180+2"]
[Date "2023.01.17"]
[WhiteClock "0:00:10"]
[BlackClock "0:00:10"]

1. d4 d6 2. e4 Nf6 3. Nc3 g6 4. Nf3 Bg7 5. Bc4 O-O 6. Bb3 Nc6 7. h3 Na5 8. O-O Nxb3 9. axb3 e6 10. Re1 h6 11. Qe2 b6 12. e5 Ne8 13. Qe4 Bd7 14. h4 f5 15. exf6 Rxf6 16. Bd2 a5 17. Re2 b5 18. Qg4 Kh7 19. Ne4 Rf5 20. Qh3 a4 21. bxa4 Rxa4 22. Rae1 Qa8 23. g4 Rf8 24. h5 gxh5 25. g5 Qd5 26. Qxh5 Kg8 27. Qg6 Qf5 28. Qxf5 Rxf5 29. Nh4 Rd5 30. gxh6 Bxd4 31. Ng6 Rh5 32. c3 Bf6 33. Nxf6+ Nxf6 34. f3 Kf7 35. Nf4 Rg5+ 36. Kf2 e5 37. Nd5 Rh5 38. Nxf6 Kxf6 39. Rg1 Rah4 40. Ke1 Rh1 41. Rg2 Rxg1+ 42. Rxg1 Bc6 43. Rg7 Rh1+ 44. Kf2 Rh2+ 45. Rg2 Rh3 46. Rg3 Rh1 47. Rg7 Rh2+ 48. Rg2 Rh3 49. Rg3 Rxg3 50. Kxg3 Kg6 51. f4 Bd7 52. fxe5 dxe5 53. b4 c6 54. Kf2 Bf5 55. Be3 Kh7 56. Bg5 Kg6 57. Be3 Bd3 58. Ke1 Bc4 59. Kf2 Bd5 60. Kg3 Bc4 61. Kg4 Be6+ 62. Kf3 Bd5+ 63. Kg4 Be6+ 64. Kf3 Bd5+ 65. Kg4 Be4 66. Bc1 Kf6 67. Bg5+ Ke6 68. Bd2 Bh7 69. Kg5 Bd3 70. Be3 Bh7 71. Bd2 Bd3 72. Be3 Bh7 73. Bd2 1/2-1/2


[Site "https://www.chess.com"]

[Event "Titled Tuesday Blitz January 17 Early 2023"]
[White "Dubov, Daniil"]
[Black "Sanal, Vahap"]
[WhiteFideId "24126055"]
[BlackFideId "6300545"]
[WhiteElo "2708"]
[BlackElo "2600"]
[Result "1-0"]
[Round "08"]
[TimeControl "180+2"]
[Date "2023.01.17"]
[WhiteClock "0:01:12"]
[BlackClock "0:00:09"]

1. d4 d5 2. Nf3 Nf6 3. Bg5 Ne4 4. Bh4 c5 5. e3 Nc6 6. Nbd2 Bf5 7. dxc5 Nxc5 8. Nd4 Bd7 9. c4 dxc4 10. Bxc4 Ne5 11. O-O Nxc4 12. Nxc4 Ba4 13. Qf3 Nd7 14. Nd6+ exd6 15. Bxd8 Rxd8 16. Qe4+ 1-0


[Site "https://www.chess.com"]

[Event "Titled Tuesday Blitz January 17 Early 2023"]
[White "Oparin, Grigoriy"]
[Black "Puranik, Abhimanyu"]
[WhiteFideId "24125890"]
[BlackFideId "5061245"]
[WhiteElo "2667"]
[BlackElo "2613"]
[Result "1-0"]
[Round "08"]
[TimeControl "180+2"]
[Date "2023.01.17"]
[WhiteClock "0:00:12"]
[BlackClock "0:00:07"]

1. d4 Nf6 2. c4 c5 3. d5 b5 4. cxb5 a6 5. bxa6 g6 6. Nc3 Bg7 7. e4 O-O 8. a7 Rxa7 9. e5 Ne8 10. Nf3 d6 11. exd6 exd6 12. Be2 Bg4 13. O-O Bxf3 14. Bxf3 Nd7 15. Nb5 Ra8 16. a4 Qb6 17. Ra2 Nc7 18. Be2 Rfe8 19. b3 Nf6 20. Nxc7 Qxc7 21. Bb5 Re5 22. Bf4 Rxd5 23. Rd2 Rxd2 24. Qxd2 Rd8 25. Rd1 Ne4 26. Qd3 Qb7 27. Ba6 Qa8 28. Bc4 Nc3 29. Bd5 Qa5 30. Bd2 Qb4 31. Qf3 Rd7 32. Rc1 Re7 33. Kf1 Qa3 34. Rxc3 Qa2 35. Re3 1-0


[Site "https://www.chess.com"]

[Event "Titled Tuesday Blitz January 17 Early 2023"]
[White "Korobov, Anton"]
[Black "Kamsky, Gata"]
[WhiteFideId "14105730"]
[BlackFideId "2000024"]
[WhiteElo "2664"]
[BlackElo "2665"]
[Result "0-1"]
[Round "08"]
[TimeControl "180+2"]
[Date "2023.01.17"]
[WhiteClock "0:00:19"]
[BlackClock "0:00:27"]

1. d4 Nf6 2. c4 e6 3. Nf3 b6 4. a3 Bb7 5. Nc3 d6 6. Qc2 Nbd7 7. e4 e5 8. Be2 Be7 9. O-O O-O 10. Rd1 Qc8 11. b4 Re8 12. d5 Nf8 13. Ne1 Ng6 14. g3 c6 15. dxc6 Qxc6 16. f3 Rec8 17. Be3 Nf8 18. Rac1 Ne6 19. Nd5 Bd8 20. Qd2 Qe8 21. Nc2 Bc6 22. Kg2 h6 23. Bf2 Bd7 24. h4 Nxd5 25. cxd5 Nf8 26. Ne3 b5 27. Nf5 Bxf5 28. exf5 e4 29. Rc6 exf3+ 30. Bxf3 Nd7 31. Re1 Qf8 32. Qc2 Bb6 33. Bxb6 axb6 34. g4 Ne5 35. Rxe5 dxe5 36. d6 Rxc6 37. Qxc6 Rd8 38. d7 Qe7 39. Qxb5 e4 40. Be2 Rxd7 41. Qxb6 Qe5 42. Qe3 Rd4 43. b5 Ra4 44. b6 Qb2 45. Kg3 Rxa3 0-1


[Site "https://www.chess.com"]

[Event "Titled Tuesday Blitz January 17 Early 2023"]
[White "Jobava, Baadur"]
[Black "Kovalenko, Igor"]
[WhiteFideId "13601520"]
[BlackFideId "14117908"]
[WhiteElo "2578"]
[BlackElo "2674"]
[Result "0-1"]
[Round "08"]
[TimeControl "180+2"]
[Date "2023.01.17"]
[WhiteClock "0:00:02"]
[BlackClock "0:00:15"]

1. b3 d5 2. Bb2 Bf5 3. d3 Nd7 4. Nd2 e6 5. e4 dxe4 6. dxe4 Bg6 7. Ngf3 Ngf6 8. Bd3 Nc5 9. Qe2 Nxd3+ 10. cxd3 Bh5 11. O-O Bb4 12. Nc4 O-O 13. h3 Nd7 14. Rad1 a5 15. d4 Re8 16. g4 Bg6 17. Nfe5 Nxe5 18. Nxe5 Qh4 19. Kg2 a4 20. a3 Bd6 21. b4 h5 22. f4 Bxe5 23. dxe5 hxg4 24. hxg4 Bxe4+ 25. Qxe4 Qxg4+ 26. Kf2 Rad8 27. Qf3 Qh4+ 28. Ke2 Qh7 29. Rxd8 Rxd8 30. f5 c6 31. Bc3 Rd5 32. fxe6 Qc2+ 33. Ke1 Qb1+ 34. Kf2 Qc2+ 35. Kg1 Qg6+ 36. Qg2 Qxe6 37. Qg3 Kf8 38. Kg2 Rd7 39. Rf2 Qd5+ 40. Qf3 Qe6 41. Qe4 Kg8 42. Rd2 Rxd2+ 43. Bxd2 f6 44. Kf3 fxe5 45. Bc3 Qh3+ 46. Ke2 Qxc3 47. Qg6 Qc4+ 48. Ke1 Qf7 49. Qd6 e4 50. Qd8+ Qf8 51. Qd7 Qf7 52. Qc8+ Kh7 53. Qh3+ Kg6 54. Qg4+ Kf6 55. Qf4+ Ke7 56. Qc7+ Ke6 57. Qc8+ Kd5 58. Qe8 Qxe8 0-1


[Site "https://www.chess.com"]

[Event "Titled Tuesday Blitz January 17 Early 2023"]
[White "Shimanov, Aleksandr"]
[Black "Babazada, Khazar"]
[WhiteFideId "4198603"]
[BlackFideId "13413554"]
[WhiteElo "2581"]
[BlackElo "2474"]
[Result "0-1"]
[Round "08"]
[TimeControl "180+2"]
[Date "2023.01.17"]
[WhiteClock "0:00:01"]
[BlackClock "0:00:25"]

1. e4 Nf6 2. e5 Nd5 3. Qf3 Nb6 4. d4 d6 5. Qg3 Nc6 6. Nf3 g6 7. exd6 cxd6 8. c3 Bg7 9. Be2 e5 10. dxe5 dxe5 11. O-O O-O 12. Rd1 Qe7 13. Bg5 f6 14. Be3 Be6 15. Na3 Nd5 16. Bc4 Nxe3 17. fxe3 Bxc4 18. Nxc4 Qc5 19. Nfd2 Rfd8 20. Qf2 e4 21. Qe2 f5 22. Nb3 Qb5 23. Kf1 Qa4 24. Nc5 Rxd1+ 25. Rxd1 Qxa2 26. Nxb7 Qa6 27. Rd7 Ne5 28. Nxe5 Qxe2+ 29. Kxe2 Bxe5 30. h3 a5 31. Rd5 Rb8 32. Rd7 a4 33. Kd2 a3 34. bxa3 Rc8 35. Rd8+ Rxd8+ 36. Nxd8 Kf8 37. a4 Ke8 38. Nc6 Bc7 39. a5 Kd7 40. Nb4 Bxa5 41. Nd5 Kd6 42. Nf4 Kc5 43. Ne6+ Kc4 44. Nf8 Bxc3+ 45. Ke2 Bb4 46. Nxh7 Be7 47. g4 Kc3 48. gxf5 gxf5 49. h4 Bxh4 50. Nf8 Kc4 51. Ne6 Kd5 52. Nf4+ Kd6 53. Ng2 Bg3 54. Kd2 Kd5 55. Kc3 Bc7 56. Kd2 Ke6 57. Nh4 Bg3 58. Ng2 Kf6 59. Ke2 Kg5 60. Kf1 Kh5 61. Ke2 Kg4 62. Kf1 Kf3 63. Kg1 Ke2 64. Kh1 Kf2 0-1


[Site "https://www.chess.com"]

[Event "Titled Tuesday Blitz January 17 Early 2023"]
[White "Dardha, Daniel"]
[Black "Pakleza, Zbigniew"]
[WhiteFideId "240990"]
[BlackFideId "1119290"]
[WhiteElo "2631"]
[BlackElo "2494"]
[Result "1-0"]
[Round "08"]
[TimeControl "180+2"]
[Date "2023.01.17"]
[WhiteClock "0:00:07"]
[BlackClock "0:00:01"]

1. d4 d6 2. Nf3 Bg4 3. e3 Nf6 4. c4 Nbd7 5. Nc3 e5 6. h3 Bh5 7. g4 Bg6 8. Nh4 Be7 9. Bg2 c6 10. O-O O-O 11. Nxg6 hxg6 12. Qc2 Re8 13. b4 Rc8 14. g5 Nh5 15. h4 d5 16. cxd5 cxd5 17. Qb3 Nb6 18. Nxd5 Bd6 19. Nxb6 Qxb6 20. Bb2 e4 21. Rac1 Bc7 22. Qd5 Qxb4 23. Ba1 Red8 24. Qxe4 Qd6 25. Qe5 Qd7 26. Qe4 Qd6 27. Rfd1 Qh2+ 28. Kf1 Re8 29. Qf3 Bb6 30. Qh3 Rxc1 31. Rxc1 Qd6 32. Rc8 Rxc8 33. Qxc8+ Kh7 34. Qxb7 Qa3 35. Bd5 Qc1+ 36. Kg2 Bc7 37. Bb2 Qc2 38. Bxf7 Bg3 39. Qf3 1-0


[Site "https://www.chess.com"]

[Event "Titled Tuesday Blitz January 17 Early 2023"]
[White "Naroditsky, Daniel"]
[Black "Aravindh, Chithambaram VR."]
[WhiteFideId "2026961"]
[BlackFideId "5072786"]
[WhiteElo "2618"]
[BlackElo "2633"]
[Result "1-0"]
[Round "08"]
[TimeControl "180+2"]
[Date "2023.01.17"]
[WhiteClock "0:02:00"]
[BlackClock "0:00:01"]

1. e4 Nc6 2. Nf3 e5 3. Bb5 a6 4. Ba4 Nf6 5. O-O Nxe4 6. Re1 Nc5 7. Bxc6 dxc6 8. d4 Ne6 9. Nxe5 Be7 10. c3 O-O 11. Be3 f6 12. Nd3 Rf7 13. Nd2 Bd6 14. Nc4 Bf8 15. h3 Qd5 16. Nd2 Bd7 17. c4 Qf5 18. Nf1 Rd8 19. Ng3 Qa5 20. a3 c5 21. dxc5 Ba4 22. Qg4 Rxd3 23. b4 Bd1 24. Rexd1 Rxd1+ 25. Qxd1 1-0


[Site "https://www.chess.com"]